 Dungeon Sprint DCSS version 0.28-a0-1518-gbe868bca14 (webtiles) character file.

Game seed: 14973123107626715800

15303 Edwards80 the Bludgeoner (level 12, -1/192 HPs)
             Began as a Minotaur Berserker on Jan 16, 2022.
             Was the Champion of Trog.
             Killed by divine providence
             ... invoked by an orc high priest
              (11 damage)
             ... in the Dungeon (Sprint IX: "|||||||||||||||||||||||||||||") on Jan 17, 2022.
             The game lasted 00:07:37 (2027 turns).

Edwards80 the Bludgeoner (Minotaur Berserker)       Turns: 2027, Time: 00:07:38

Health: -1/192     AC: 25    Str: 33      XL:     12   Next: 0%
Magic:  11/11      EV: 14    Int:  0 (4)  God:    Trog [******]
Gold:   1677       SH:  0    Dex: 10      Spells: 11/11 levels left

rFire   . . .      SeeInvis .   x - +4 great mace (vorpal)
rCold   . . .      Faith    .   (shield currently unavailable)
rNeg    . . .      Spirit   .   o - +2 plate armour
rPois   .          Reflect  .   (helmet restricted)
rElec   .          Harm     .   m - +0 cloak
rCorr   .          Rampage  .   n - +0 pair of gloves
Will    .....      NoTele   +   y - +0 pair of boots
Stlth   ..........              (no amulet)
HPRegen 0.42/turn               p - +3 ring of strength
MPRegen 0.12/turn               q - +3 ring of strength

@: berserking (expiring), slowed, lost intelligence, unable to read
A: horns 2, retaliatory headbutt
a: Renounce Religion, Berserk, Trog's Hand, Brothers in Arms


You were in the Dungeon.
You worshipped Trog.
Trog was exalted by your worship.
You visited 1 branch You collected 1677 gold pieces.

Inventory:

Hand Weapons
 a - a +0 mace
 l - a +4 dire flail of protection
 r - a +1 antimagic dire flail
 t - a +5 morningstar of flaming
 w - a +3 great mace of flaming
 x - a +4 vorpal great mace (weapon)
 A - a +5 dire flail of flaming
 B - a +4 triple sword
Armour
 b - a +0 animal skin
 m - a +0 cloak (worn)
 n - a +0 pair of gloves (worn)
 o - a +2 plate armour (worn)
 y - a +0 pair of boots (worn)
 z - a +1 chain mail of willpower
Jewellery
 p - a +3 ring of strength (left hand)
 q - a +3 ring of strength (right hand)
Wands
 j - a wand of iceblast (10)
Scrolls
 h - 2 scrolls of blinking
 k - 2 scrolls of amnesia
 u - 2 scrolls of identify
 v - a scroll of fog
Potions
 c - 6 potions of curing
 d - a potion of invisibility
 e - a potion of haste
 f - 4 potions of magic
 g - a potion of berserk rage
 i - 2 potions of heal wounds
 s - 4 potions of mutation


   Skills:
 + Level 18.5 Fighting
 + Level 18.5 Maces & Flails
 + Level 18.4 Armour
 + Level 16.9 Dodging


You had 11 spell levels left.
You didn't know any spells.
Your spell library was empty.

Dungeon Overview and Level Annotations

Branches:
Dungeon (1/1)

Altars:
Cheibriados
Dithmenos
Elyvilon
Fedhas
Gozag
Hepliaklqana
Kikubaaqudgha
Makhleb
Nemelex Xobeh
Okawaru
Qazlal
Ru
Sif Muna
Trog
Uskayaw
Vehumet
Wu Jian
Xom
Yredelemnul
Zin
The Shining One
Beogh
Jiyva
Lugonu

Shops:
D ?*=[


Innate Abilities, Weirdness & Mutations

You have a pair of horns on your head.
You reflexively headbutt those who attack you in melee.


Message History

The orc high priest completely misses you.
The orc high priest mumbles some strange prayers to Beogh.
The orange demon stings you but does no damage.
The orange demon completely misses you.
You bludgeon the orange demon!! Your headbutt misses the orange demon.
The orange demon is severely wounded.
The orc high priest hits you from afar with a +0 glaive.
* * * LOW HITPOINT WARNING * * *
You bludgeon the orange demon!!
You kill the orange demon!
The orange demon disappears in a puff of smoke!
The orc high priest invokes the aid of Beogh against you.
Beogh smites you!
* * * LOW HITPOINT WARNING * * *
The orc high priest barely misses you. You furiously retaliate!
You headbutt the orc high priest!!
There is an entrance to Corchalla's Armour Shoppe here.
You bludgeon the orc high priest!!
Your headbutt misses the orc high priest.
The orc high priest is almost dead.
The orc high priest closely misses you.
The orc high priest mumbles some strange prayers to Beogh against you.
Beogh smites you!
* * * LOW HITPOINT WARNING * * *
You bludgeon the orc high priest!!
You kill the orc high priest!
Trog accepts your kill.
The orc high priest whispers, "I'll spare you if you take my job."
The orc high priest utters an invocation to Beogh.
You feel your intelligence returning.
Your life force feels restored.
You have reached level 12!
You feel stronger.
You completely miss the orc high priest.
You headbutt the orc high priest!!
The orc high priest is heavily wounded.
The orc high priest intones a terrible prayer.
The orc high priest hits you but does no damage.
The orc high priest calls down the wrath of Beogh upon you.
Beogh smites you!
You die...

▓▓▓▓▓▓▓▓▓▓▓▓▓▓▓▓▓▓▓▓▓▓▓
....))))..∩.∩.∩.@o3o4o+
▓▓▓▓▓▓▓▓▓▓▓▓▓▓▓▓▓▓▓▓▓▓▓▓▓▓▓▓▓▓▓▓▓
............)........)..........▓
▓▓▓▓▓▓▓▓▓▓▓▓▓▓▓▓▓▓▓▓▓▓▓▓▓▓▓▓▓▓▓.▓
.....'††.†.....)))'..[[[...'....▓
▓▓▓▓▓▓▓▓▓▓▓▓▓▓▓▓▓▓▓▓▓▓▓▓▓▓▓▓▓▓▓▓▓
................................▓
▓▓▓▓▓▓▓▓▓▓▓▓▓▓▓▓▓▓▓▓▓▓▓▓▓▓▓▓▓▓▓.▓
_____'..)......†).....().....'..▓


You could see 3 orc high priests, a rust devil (summoned) and a neqoxec
(summoned).

Vanquished Creatures
  A hydra (D)
  A centaur warrior (D)
  A boulder beetle (D)
  A two-headed ogre (D)
  5 orc high priests (D)
  Urug (D)
  3 orc knights (D)
  A cyclops (D)
  An ugly thing (D)
  An elephant (D)
  A gargoyle (D)
  A black mamba (D)
  4 cane toads (D)
  2 torpor snails (D)
  A rime drake (D)
  A komodo dragon (D)
  5 polar bears (D)
  A blink frog (D)
  2 wraiths (D)
  2 yaks (D)
  Eustachio (D)
  A water moccasin (D)
  12 orc warriors (D)
  4 black bears (D)
  A centaur (D)
  An ogre (D)
  4 bullfrogs (D)
  2 scorpions (D)
  A jelly (D)
  9 orc priests (D)
  2 gnolls (D)
  6 orcs (D)
  2 goblins (D)
  A hobgoblin (D)
  A kobold (D)
  A rat (D)
85 creatures vanquished.

Notes
Turn   | Place    | Note
-------+----------+-------------------------------------------
     0 | D        | Edwards80 the Minotaur Berserker began the quest for the
                  | Orb.
     0 | D        | Reached XP level 1. HP: 19/19 MP: 0/0
     7 | D        | Reached ** piety under Trog
    86 | D        | Noticed a scorpion
    86 | D        | Noticed a jelly
    86 | D        | Noticed an ogre
    90 | D        | Killed a scorpion
    91 | D        | Reached skill level 5 in Fighting
    91 | D        | Reached skill level 5 in Maces & Flails
    91 | D        | Reached skill level 5 in Armour
    91 | D        | Reached XP level 2. HP: 30/30 MP: 1/1
    91 | D        | Reached XP level 3. HP: 37/37 MP: 2/2
    93 | D        | Reached *** piety under Trog
    94 | D        | Reached XP level 4. HP: 32/44 MP: 3/3
    99 | D        | Reached skill level 5 in Dodging
    99 | D        | HP: 1/45 [gnoll (4)]
   108 | D        | Killed an ogre
   109 | D        | Reached XP level 5. HP: 32/52 MP: 4/4
   225 | D        | Found a snail-covered altar of Cheibriados.
   225 | D        | Found a shadowy altar of Dithmenos.
   225 | D        | Found a white marble altar of Elyvilon.
   225 | D        | Found a blossoming altar of Fedhas.
   225 | D        | Found an opulent altar of Gozag.
   226 | D        | Found a hazy altar of Hepliaklqana.
   227 | D        | Found a viscous altar of Jiyva.
   228 | D        | Found an ancient bone altar of Kikubaaqudgha.
   229 | D        | Found a corrupted altar of Lugonu.
   230 | D        | Found a burning altar of Makhleb.
   231 | D        | Found a sparkling altar of Nemelex Xobeh.
   232 | D        | Found an iron altar of Okawaru.
   233 | D        | Found a stormy altar of Qazlal.
   234 | D        | Found a sacrificial altar of Ru.
   235 | D        | Found a shimmering blue altar of Sif Muna.
   236 | D        | Found a bloodstained altar of Trog.
   237 | D        | Found a hide-covered altar of Uskayaw.
   238 | D        | Found a radiant altar of Vehumet.
   239 | D        | Found an ornate altar of the Wu Jian Council.
   240 | D        | Found a shimmering altar of Xom.
   241 | D        | Found a basalt altar of Yredelemnul.
   242 | D        | Found a glowing silver altar of Zin.
   243 | D        | Found a glowing golden altar of the Shining One.
   297 | D        | Noticed a yak
   297 | D        | Noticed a wraith
   297 | D        | Noticed a wraith
   297 | D        | Noticed a yak
   297 | D        | Noticed a centaur
   297 | D        | Noticed a gargoyle
   306 | D        | Killed a yak
   306 | D        | Reached **** piety under Trog
   307 | D        | Reached XP level 6. HP: 62/62 MP: 5/5
   309 | D        | Killed a wraith
   317 | D        | Killed a wraith
   318 | D        | Reached skill level 10 in Fighting
   318 | D        | Reached skill level 10 in Maces & Flails
   318 | D        | Reached XP level 7. HP: 72/72 MP: 6/6
   319 | D        | Killed a yak
   320 | D        | Reached skill level 10 in Armour
   323 | D        | Reached ***** piety under Trog
   328 | D        | Killed a gargoyle
   329 | D        | Reached skill level 10 in Dodging
   329 | D        | Reached XP level 8. HP: 51/82 MP: 7/7
   453 | D        | Noticed a two-headed ogre
   453 | D        | Noticed a cyclops
   453 | D        | Noticed a seven-headed hydra
   453 | D        | Noticed a centaur warrior
   453 | D        | Noticed a green ugly thing
   453 | D        | Noticed a boulder beetle
   458 | D        | Killed a two-headed ogre
   458 | D        | Received a gift from Trog
   468 | D        | Killed a cyclops
   469 | D        | Reached XP level 9. HP: 54/92 MP: 8/8
   472 | D        | Killed a seven-headed hydra
   477 | D        | Killed a centaur warrior
   480 | D        | Killed a green ugly thing
   490 | D        | Killed a boulder beetle
   491 | D        | Reached XP level 10. HP: 7/104 MP: 9/9
   969 | D        | Noticed a cane toad
   969 | D        | Noticed a cane toad
   972 | D        | Killed a cane toad
   976 | D        | Received a gift from Trog
   976 | D        | Noticed a black mamba
   980 | D        | Killed a cane toad
   981 | D        | Reached skill level 15 in Fighting
   981 | D        | Reached skill level 15 in Maces & Flails
   987 | D        | Reached skill level 15 in Armour
   989 | D        | Killed a black mamba
   990 | D        | Noticed a torpor snail
  1000 | D        | Killed a torpor snail
  1099 | D        | Noticed a cane toad
  1099 | D        | Noticed a torpor snail
  1099 | D        | Noticed a cane toad
  1103 | D        | Killed a cane toad
  1106 | D        | Killed a torpor snail
  1108 | D        | Killed a cane toad
  1109 | D        | Noticed an elephant
  1119 | D        | Reached ****** piety under Trog
  1121 | D        | Received a gift from Trog
  1125 | D        | Killed an elephant
  1126 | D        | Reached XP level 11. HP: 55/115 MP: 10/10
  1349 | D        | Reached skill level 15 in Dodging
  1368 | D        | Received a gift from Trog
  1451 | D        | Noticed Urug
  1458 | D        | Killed Urug
  1526 | D        | Noticed Eustachio
  1530 | D        | Killed Eustachio
  1595 | D        | Noticed an orc knight
  1596 | D        | Received a gift from Trog
  1601 | D        | Killed an orc knight
  1607 | D        | Noticed an orc knight
  1615 | D        | Killed an orc knight
  1660 | D        | Noticed an orc knight
  1666 | D        | Received a gift from Trog
  1672 | D        | Noticed an orc high priest
  1674 | D        | Killed an orc knight
  1683 | D        | Received a gift from Trog
  1686 | D        | Killed an orc high priest
  1944 | D        | Found Pemerab's Magic Scroll Emporium.
  1944 | D        | Noticed an orc high priest
  1948 | D        | Noticed an orc high priest
  1949 | D        | Killed an orc high priest
  1951 | D        | Noticed an orc high priest
  1953 | D        | Noticed a sixfirhy
  1953 | D        | Received a gift from Trog
  1956 | D        | Found Toadgh's General Store.
  1973 | D        | Killed an orc high priest
  1974 | D        | Noticed a sun demon
  1978 | D        | Killed an orc high priest
  1979 | D        | Found Jotilaf's Jewellery Emporium.
  1996 | D        | Found Corchalla's Armour Shoppe.
  1999 | D        | Noticed an orc high priest
  1999 | D        | Noticed an orc high priest
  2001 | D        | Noticed an orc high priest
  2003 | D        | Noticed an orc high priest
  2009 | D        | Lost intelligence.
  2014 | D        | Noticed a soul eater
  2026 | D        | Killed an orc high priest
  2027 | D        | Reached XP level 12. HP: 10/128 MP: 11/11
  2027 | D        | Killed from afar by an orc high priest

Illustrated notes

Levels and vault maps discovered:
D:        linesprint [early_d, line_temple, items_1, d_10, items_2, lair_1,
          lair_end, items_3, orc_1, orc_end, items_4, d_15, swamp_1, shoals_1,
          snake_1, spider_1, d_20, vaults_1, items_5, swamp_end, shoals_end,
          snake_end, spider_end, vaults_end, d_27, items_6, zot_1, zot_end,
          crypt_end, forest_end, elf_end, slime_end, tomb_end, abyss_end,
          pan_hell_end]

Skill      XL: |  1  2  3  4  5  6  7  8  9 10 11 |
---------------+----------------------------------+-----
Fighting       | 5 6 7 8 10 11 12 14 16 18 | 18.5
Maces & Flails | 5 7 8 10 11 12 14 16 18 | 18.5
Armour         | 5 7 8 9 11 12 14 16 18 | 18.4
Dodging        | 4 6 7 9 10 11 13 14 16 | 16.9

Action                   |  1- 3 |  4- 6 |  7- 9 | 10-12 || total
-------------------------+-------+-------+-------+-------++-------
Melee: Mace              |    14 |    14 |       |       ||    28
       Headbutt          |     2 |     3 |    14 |    42 ||    61
       Dire flail        |       |    19 |    43 |    19 ||    81
       Morningstar       |       |       |       |    28 ||    28
       Punch             |       |       |       |     1 ||     1
       Great mace        |       |       |       |   142 ||   142
Invok: Berserk           |       |     1 |       |     1 ||     2
  Use: Potion            |       |     1 |       |     2 ||     3
       Scroll            |       |       |       |     4 ||     4
Armor: Animal skin       |     1 |     1 |       |       ||     2
       Plate armour      |       |     6 |    21 |    61 ||    88
Dodge: Dodged            |     8 |    12 |    17 |    87 ||   124

Table legend: (Time is in decaauts)
 A = Elapsed time spent in this place.
 B = Non-inter-level travel time spent in this place.
 C = Inter-level travel time spent in this place.
 D = Time resting spent in this place.
 E = Time spent auto-exploring this place.
 F = Levels seen in this place.
 G = Mean time per level.
                   A        B        C        D        E       F      G
               +--------+--------+--------+--------+--------+-----+--------+
         Total |   1990 |   1990 |      0 |    643 |    750 |   1 | 1990.0 |
       Dungeon |   1990 |   1990 |      0 |    643 |    750 |   1 | 1990.0 |
               +--------+--------+--------+--------+--------+-----+--------+

Top non-repeatable levels by time:
       D: 1990 daAuts
